AoeStats
← slunty

Arabia

508058464Analyzed
1v1 RM · 11d ago on Sep 20, 2026· 21m 40s· 2 players
Game mode
Random Map
Map size
Tiny (2 player)
Population
200
Speed
Normal
Resources
Standard
Victory
Conquest
Starting age
Dark Age
Ending age
Imperial Age
RankedLock teamsTeams togetherTeam positionsShared explorationLock speedFull tech treeHidden civsTurbo modeCheats
Victory
Defeat
🇺🇸 Franks · United States
516
+29
🇨🇦 Tatars · Canada
541
-17
slunty
9:57 Feudal Age
8:13 Loom
10:52 Double-Bit Axe
13:04 Scale Barding Armor
14:28 Forging
19:41 Castle Age
19:57 Gold Mining
21:29 Husbandry
22:06 Chain Barding Armor
Savage_Sevro
12:34 Feudal Age
13:10 Double-Bit Axe
16:33 Horse Collar
19:45 Castle Age
18:11 Stone Mining
19:01 Bloodlines
Connection lost

Rejoining the realm…

Still unreachable

The connection could not be restored.

Session expired

The server has moved on; the page needs a fresh start.